R+ - U24
BURLINGTON SOCK PUPPETS @ HARLAN SMOKIES
08/28/2052
 
TOP OF THE 1ST
Calgary Cannons batting - Pitching for Butte Americans : LHP Sal Hampton
Pitching: LHP Sal Hampton
Batting: LHB C.J. Sark 0-0: Ground out 4-3 (Groundball, 4, EV 83.8 MPH)
Batting: SHB Pedro Zambrano 0-0: Swinging Strike
0-1: Ball
1-1: Swinging Strike
1-2: Strikes out swinging
Batting: RHB Vismel Valdez 0-0: Foul Ball, location: 2F
0-1: Ball
1-1: Hit by Pitch
Batting: RHB Peter Morales 0-0: Foul Ball, location: 2F
0-1: Swinging Strike
0-2: Ball
1-2: Ball
2-2: Strikes out swinging
Top of the 1st over - 0 runs, 0 hits, 0 errors, 1 left on base; Calgary 0 - Butte 0
BOTTOM OF THE 1ST
Butte Americans batting - Pitching for Calgary Cannons : RHP Roger Metzler
Pitching: RHP Roger Metzler
Batting: LHB Xavier Salomon 0-0: Called Strike
0-1: Ball
1-1: SINGLE (Groundball, 5L, EV 88.1 MPH) (infield hit)
Batting: RHB Marcus Groen 0-0: Ball
1-0: Swinging Strike
1-1: Foul Ball, location: 2F
1-2: DOUBLE (Line Drive, 8RD, EV 106.9 MPH)
Xavier Salomon to third
Batting: LHB Juan Campos 0-0: Ball
1-0: Ball
Wild Pitch!
Xavier Salomon scores
Marcus Groen to third
2-0: Foul Ball, location: 2F
2-1: Foul Ball, location: 2F
2-2: Strikes out swinging
Batting: LHB Ramón Cordero 0-0: SINGLE (Groundball, 4S, EV 61.9 MPH) (infield hit)
Marcus Groen scores
Batting: SHB Antonio Herrera 0-0: Fly out, F8 (Flyball, 8LS, EV 82.5 MPH)
Batting: LHB Scott Walsh 0-0: Swinging Strike
0-1: Ball
1-1: Foul Ball, location: 2F
1-2: Foul Ball, location: 2F
1-2: Ball
2-2: Ball
3-2: Fly out, F8 (Flyball, 8LD, EV 96.9 MPH)
Bottom of the 1st over - 2 runs, 3 hits, 0 errors, 1 left on base; Calgary 0 - Butte 2
TOP OF THE 2ND
Calgary Cannons batting - Pitching for Butte Americans : LHP Sal Hampton
Batting: RHB Tippy Yoo 0-0: Swinging Strike
0-1: Ball
1-1: SINGLE (Groundball, 56D, EV 101.9 MPH)
Batting: RHB Tomas Acosta 0-0: Fly out, F9 (Flyball, 89S, EV 90.0 MPH)
Batting: SHB Miguel De La Rosa 0-0: Ball
1-0: Ball
2-0: Fly out, F9 (Flyball, 89D, EV 95.0 MPH)
Batting: RHB D.J. Sedberry 0-0: Ball
1-0: Called Strike
1-1: Fly out, F7 (Flyball, 7D, EV 100.0 MPH)
Top of the 2nd over - 0 runs, 1 hit, 0 errors, 1 left on base; Calgary 0 - Butte 2
BOTTOM OF THE 2ND
Butte Americans batting - Pitching for Calgary Cannons : RHP Roger Metzler
Batting: RHB Yovanny Mendiola 0-0: SINGLE (Groundball, 34D, EV 106.2 MPH)
Batting: LHB Timothée Badillo 0-0: Called Strike
0-1: Ball
1-1: Ball
2-1: 2-RUN HOME RUN (Flyball, 7D, EV 95.0 MPH), Distance : 333 ft
Batting: RHB Lloyd Assini 0-0: Called Strike
0-1: Ball
1-1: Swinging Strike
1-2: Ball
2-2: Strikes out swinging
Batting: LHB Xavier Salomon 0-0: Called Strike
0-1: Ball
1-1: Called Strike
1-2: Ball
2-2: Foul Ball, location: 2F
2-2: Strikes out swinging
Batting: RHB Marcus Groen 0-0: Ball
1-0: Foul Ball, location: 2F
1-1: Ball
2-1: Ball
3-1: Foul Ball, location: 2F
3-2: Ground out U3 (Groundball, 34, EV 86.2 MPH)
Bottom of the 2nd over - 2 runs, 2 hits, 0 errors, 0 left on base; Calgary 0 - Butte 4
TOP OF THE 3RD
Calgary Cannons batting - Pitching for Butte Americans : LHP Sal Hampton
Batting: RHB Kraig Morinville 0-0: Foul Ball, location: 2F
0-1: Ball
1-1: Ball
2-1: Swinging Strike
2-2: Strikes out swinging
Batting: LHB C.J. Sark 0-0: Ball
1-0: Swinging Strike
1-1: Swinging Strike
1-2: Ball
2-2: Strikes out swinging
Batting: SHB Pedro Zambrano 0-0: Called Strike
0-1: Foul Ball, location: 2F
0-2: Strikes out looking
Top of the 3rd over - 0 runs, 0 hits, 0 errors, 0 left on base; Calgary 0 - Butte 4
BOTTOM OF THE 3RD
Butte Americans batting - Pitching for Calgary Cannons : RHP Roger Metzler
Batting: LHB Juan Campos 0-0: Ball
1-0: Ball
2-0: Ball
3-0: Base on Balls
Batting: LHB Ramón Cordero 0-0: Fly out, F7 (Line Drive, 7, EV 91.9 MPH)
Batting: SHB Antonio Herrera 0-0: Ball
1-0: Swinging Strike
1-1: Ball
2-1: Ball
3-1: Foul Ball, location: 2F
3-2: Fly out, F8 (Flyball, 78M, EV 93.1 MPH)
Batting: LHB Scott Walsh 0-0: Ball
1-0: Called Strike
1-1: Ground out U3 (Groundball, 3, EV 88.1 MPH)
Bottom of the 3rd over - 0 runs, 0 hits, 0 errors, 1 left on base; Calgary 0 - Butte 4
TOP OF THE 4TH
Calgary Cannons batting - Pitching for Butte Americans : LHP Sal Hampton
Batting: RHB Vismel Valdez 0-0: Called Strike
0-1: Ball
1-1: Foul Ball, location: 2F
1-2: Ball
2-2: Ball
3-2: Foul Ball, location: 2F
3-2: Foul Ball, location: 2F
3-2: Base on Balls
Batting: RHB Peter Morales 0-0: Called Strike
0-1: Ball
1-1: Called Strike
1-2: Ball
2-2: Fly out, F7 (Flyball, 7S, EV 86.2 MPH)
Batting: RHB Tippy Yoo 0-0: Foul Ball, location: 2F
0-1: Ball
1-1: Called Strike
1-2: Grounds into double play, 5-4-3 (Groundball, 56, EV 99.4 MPH)
Top of the 4th over - 0 runs, 0 hits, 0 errors, 0 left on base; Calgary 0 - Butte 4
BOTTOM OF THE 4TH
Butte Americans batting - Pitching for Calgary Cannons : RHP Roger Metzler
Batting: RHB Yovanny Mendiola 0-0: Ball
1-0: Called Strike
1-1: Called Strike
1-2: Ground out 3-1 (Groundball, 34S, EV 70.0 MPH)
Batting: LHB Timothée Badillo 0-0: Called Strike
0-1: Ball
1-1: Ball
2-1: Foul Ball, location: 2F
2-2: Foul Ball, location: 2F
2-2: Ground out 4-3 (Groundball, 4, EV 85.0 MPH)
Batting: RHB Lloyd Assini 0-0: Ball
1-0: SINGLE (Line Drive, 4M, EV 101.2 MPH)
Batting: LHB Xavier Salomon 0-0: Ball
1-0: Foul Ball, location: 2F
1-1: Called Strike
1-2: Foul Ball, location: 2F
1-2: Ball
2-2: Ground out 3-1 (Groundball, 34S, EV 88.8 MPH)
Bottom of the 4th over - 0 runs, 1 hit, 0 errors, 1 left on base; Calgary 0 - Butte 4
TOP OF THE 5TH
Calgary Cannons batting - Pitching for Butte Americans : LHP Sal Hampton
Batting: RHB Tomas Acosta 0-0: SINGLE (Line Drive, 6D, EV 101.9 MPH)
Batting: SHB Miguel De La Rosa 0-0: Ball
1-0: Foul Ball, location: 2F
1-1: Ball
2-1: Foul Ball, location: 2F
2-2: Strikes out looking
Batting: RHB D.J. Sedberry 0-0: SINGLE (Flyball, 5D, EV 91.2 MPH)
Tomas Acosta to second
Batting: RHB Kraig Morinville 0-0: Ball
1-0: Fly out, F8 (Flyball, 8LD, EV 100.6 MPH)
Batting: LHB C.J. Sark 0-0: Called Strike
0-1: Fly out, F8 (Line Drive, 8RD, EV 101.9 MPH)
Top of the 5th over - 0 runs, 2 hits, 0 errors, 2 left on base; Calgary 0 - Butte 4
BOTTOM OF THE 5TH
Butte Americans batting - Pitching for Calgary Cannons : RHP Roger Metzler
Pitching: RHP Jason Chapman
Batting: RHB Marcus Groen 0-0: SINGLE (Groundball, 4MS, EV 67.5 MPH) (infield hit)
Batting: LHB Juan Campos 0-0: Ball
1-0: Swinging Strike
1-1: Ball
2-1: Called Strike
2-2: SINGLE (Groundball, 56D, EV 101.9 MPH)
Marcus Groen to second
Batting: LHB Ramón Cordero 0-0: Ball
1-0: Called Strike
1-1: Foul Ball, location: 2F
1-2: Reached on error, E4 (Groundball, 4MD, EV 78.8 MPH)
Marcus Groen to third
Juan Campos to second
Batting: SHB Antonio Herrera 0-0: Foul Ball, location: 2F
0-1: Ball
1-1: SINGLE (Flyball, 5D, EV 93.8 MPH)
Marcus Groen scores
Juan Campos to third
Ramón Cordero to second
Batting: LHB Scott Walsh 0-0: Called Strike
0-1: SINGLE (Groundball, 34D, EV 94.4 MPH)
Juan Campos scores
Ramón Cordero to third
Antonio Herrera to second
Runner from 3rd tries for Home, SAFE, throw by RF to home
Batting: RHB Yovanny Mendiola 0-0: Foul Ball, location: 2F
0-1: Called Strike
0-2: Fly out, F5 (Popup, 5SF, EV 68.8 MPH)
Batting: LHB Timothée Badillo 0-0: Called Strike
0-1: Foul Ball, location: 2F
0-2: Foul Ball, location: 2F
0-2: Ball
1-2: Ball
2-2: Strikes out looking
Batting: RHB Lloyd Assini 0-0: Foul Ball, location: 2F
0-1: Swinging Strike
0-2: Fly out, F9 (Flyball, 9S, EV 75.6 MPH)
Bottom of the 5th over - 3 runs, 4 hits, 1 error, 2 left on base; Calgary 0 - Butte 7
TOP OF THE 6TH
Calgary Cannons batting - Pitching for Butte Americans : LHP Sal Hampton
Batting: SHB Pedro Zambrano 0-0: Foul Ball, location: 2F
0-1: Ball
1-1: Swinging Strike
1-2: DOUBLE (Line Drive, 9D, EV 101.9 MPH)
Batting: RHB Vismel Valdez 0-0: Ball
1-0: Swinging Strike
1-1: Fly out, F7 (Flyball, 78D, EV 85.6 MPH)
Batting: RHB Peter Morales 0-0: Fly out, F6 (Popup, 4MS, EV 64.4 MPH)
Batting: RHB Tippy Yoo 0-0: Ball
1-0: Ball
2-0: Ball
3-0: Base on Balls
Batting: RHB Tomas Acosta 0-0: Ball
1-0: Fielders Choice at 2nd, 6-4 (Groundball, 56, EV 92.5 MPH)
Top of the 6th over - 0 runs, 1 hit, 0 errors, 2 left on base; Calgary 0 - Butte 7
BOTTOM OF THE 6TH
Butte Americans batting - Pitching for Calgary Cannons : RHP Jason Chapman
Batting: LHB Xavier Salomon 0-0: SINGLE (Groundball, 56D, EV 105.6 MPH)
Batting: RHB Marcus Groen 0-0: SINGLE (Line Drive, 9S, EV 108.8 MPH)
Xavier Salomon to second
Batting: LHB Juan Campos 0-0: Ball
1-0: Ball
2-0: SINGLE (Groundball, 6MD, EV 108.8 MPH)
Xavier Salomon to third
Marcus Groen to second
Batting: LHB Ramón Cordero 0-0: Called Strike
0-1: Ball
1-1: Ball
2-1: Ball
3-1: Ground out 5-3 (Groundball, 56S, EV 66.2 MPH)
Xavier Salomon scores
Marcus Groen to third
Juan Campos to second
Batting: SHB Antonio Herrera 0-0: Called Strike
0-1: Ball
1-1: Fly out, F6 (Popup, 6, EV 63.8 MPH)
Batting: LHB Scott Walsh 0-0: Ball
1-0: Ball
2-0: Swinging Strike
2-1: Foul Ball, location: 2F
2-2: Strikes out swinging
Bottom of the 6th over - 1 run, 3 hits, 0 errors, 2 left on base; Calgary 0 - Butte 8
TOP OF THE 7TH
Calgary Cannons batting - Pitching for Butte Americans : LHP Sal Hampton
Batting: SHB Miguel De La Rosa 0-0: Called Strike
0-1: Ball
1-1: Ball
2-1: Foul Ball, location: 2F
2-2: SOLO HOME RUN (Line Drive, 7D, EV 92.5 MPH), Distance : 342 ft
Pitching: RHP Yermin Tamargo
Batting: RHB D.J. Sedberry 0-0: Ball
1-0: Foul Ball, location: 2F
1-1: Foul Ball, location: 2F
1-2: Foul Ball, location: 2F
1-2: Strikes out swinging
Batting: RHB Kraig Morinville 0-0: Ball
1-0: Called Strike
1-1: Ball
2-1: Ball
3-1: Ground out 6-3 (Groundball, 6, EV 83.8 MPH)
Batting: LHB C.J. Sark 0-0: Ball
1-0: Called Strike
1-1: Called Strike
1-2: Foul Ball, location: 2F
1-2: Strikes out swinging
Top of the 7th over - 1 run, 1 hit, 0 errors, 0 left on base; Calgary 1 - Butte 8
BOTTOM OF THE 7TH
Butte Americans batting - Pitching for Calgary Cannons : RHP Jason Chapman
Batting: RHB Yovanny Mendiola 0-0: Ball
1-0: Foul Ball, location: 2F
1-1: Ground out 5-3 (Groundball, 56S, EV 83.8 MPH)
Pitching: RHP Giovanni Veillette
Batting: LHB Timothée Badillo 0-0: Called Strike
0-1: Ball
1-1: Swinging Strike
1-2: Fly out, F8 (Flyball, 8RS, EV 89.4 MPH)
Batting: RHB Lloyd Assini 0-0: Ground out 4-3 (Groundball, 4, EV 81.9 MPH)
Bottom of the 7th over - 0 runs, 0 hits, 0 errors, 0 left on base; Calgary 1 - Butte 8
TOP OF THE 8TH
Calgary Cannons batting - Pitching for Butte Americans : RHP Yermin Tamargo
Batting: SHB Pedro Zambrano 0-0: Fly out, F4 (Flyball, 34D, EV 82.5 MPH)
Batting: RHB Vismel Valdez 0-0: Called Strike
0-1: Ground out 6-3 (Groundball, 56D, EV 84.4 MPH)
Batting: RHB Peter Morales 0-0: Foul Ball, location: 2F
0-1: Ball
1-1: Ball
2-1: Swinging Strike
2-2: Strikes out swinging
Top of the 8th over - 0 runs, 0 hits, 0 errors, 0 left on base; Calgary 1 - Butte 8
BOTTOM OF THE 8TH
Butte Americans batting - Pitching for Calgary Cannons : RHP Giovanni Veillette
Batting: LHB Xavier Salomon 0-0: Ball
1-0: Swinging Strike
1-1: Ball
2-1: Foul Ball, location: 2F
2-2: Strikes out looking
Batting: RHB Marcus Groen 0-0: Foul Ball, location: 2F
0-1: Ball
1-1: Called Strike
1-2: Foul Ball, location: 2F
1-2: Fly out, F8 (Flyball, 8RS, EV 88.8 MPH)
Pinch Hitting: RHB Elias Ames 0-0: Foul Ball, location: 2F
0-1: Ground out 3-1 (Groundball, 13, EV 86.2 MPH)
Bottom of the 8th over - 0 runs, 0 hits, 0 errors, 0 left on base; Calgary 1 - Butte 8
TOP OF THE 9TH
Calgary Cannons batting - Pitching for Butte Americans : RHP Yermin Tamargo
Now at 1B: Elias Ames
Pinch Hitting: RHB Stone Moss 0-0: Called Strike
0-1: Ball
1-1: Swinging Strike
1-2: Foul Ball, location: 2F
1-2: Ball
2-2: Ball
3-2: Strikes out swinging
Batting: RHB Tomas Acosta 0-0: Foul Ball, location: 2F
0-1: Swinging Strike
0-2: Ground out 6-3 (Groundball, 56, EV 80.6 MPH)
Batting: SHB Miguel De La Rosa 0-0: Foul Ball, location: 2F
0-1: Ball
1-1: Ball
2-1: Ground out 4-3 (Groundball, 4S, EV 70.6 MPH)
Top of the 9th over - 0 runs, 0 hits, 0 errors, 0 left on base; Calgary 1 - Butte 8
Sunday, May 5th , 2024 - OOTP Baseball 24.11 Build 85